 Dungeon Crawl Stone Soup version 0.20.1-1-g8b1a95d (webtiles) character file.

5117 Mesmaeker13 the Grappler (level 10, -2/104 HPs)
             Began as a Troll Chaos Knight on Dec 14, 2017.
             Splashed by a brown ugly thing's acid (6 damage)
             ... on level 9 of the Dungeon.
             The game lasted 00:12:49 (5601 turns).

Mesmaeker13 the Grappler (Troll Chaos Knight)       Turns: 5601, Time: 00:12:50

Health: -2/104     AC:  0    Str: 22      XL:     10   Next: 32%
Magic:  9/9        EV: 15    Int:  9      God:    Xom [......]
Gold:   469        SH:  0    Dex: 12 (15) Spells: 9/9 levels left

rFire    + + .     SeeInvis .     - Unarmed
rCold    + . .     Gourm    +   (no shield)
rNeg     . . .     Faith    .   a - +2 robe
rPois    .         Spirit   .   k - +0 hat
rElec    +         Reflect  .   z - scarf {rC+ rF+}
rCorr    .         Harm     .   (gloves unavailable)
MR       .....                  (boots unavailable)
Stlth    +.........             (no amulet)
Regen    0.7/turn               (no ring)
MPRegen  0.2/turn               (no ring)

@: corroded
A: unfitting armour, claws 3, repulsion field 1, thin metallic scales 1, agile
2, deformed body, fire resistance 1, fast metabolism 3, gourmand, mutation
resistance 1, regeneration 1, shaggy fur 1, electricity resistance, tough skin 2
a: Renounce Religion


You were on level 9 of the Dungeon.
You worshipped Xom.
You were a very special plaything of Xom.
You were full.

You visited 1 branch of the dungeon, and saw 10 of its levels.

You collected 509 gold pieces.
You spent 40 gold pieces at shops.

Inventory:

Missiles
 y - 2 javelins (quivered)
 F - 3 tomahawks
Armour
 a - a +2 robe (worn)
 k - a +0 hat (worn)
 z - a scarf of resistance (worn)
 G - a scarf of repulsion
Wands
 h - a wand of polymorph (9/24)
 l - a wand of confusion (3/48)
 n - a wand of scattershot (0/9)
 v - a wand of digging (13/24)
 x - a wand of random effects (14/48)
 I - a wand of flame (16/48)
Scrolls
 c - 3 scrolls of enchant armour
 d - 4 scrolls of teleportation
 j - 2 scrolls of remove curse
 m - a scroll of magic mapping {unknown}
 o - 2 scrolls of immolation {unknown}
 u - a scroll of fog
 D - a scroll of fear
 J - a scroll of summoning {unknown}
Potions
 e - 3 potions of heal wounds {unknown}
 g - 4 potions of curing
 p - a potion of degeneration {unknown}
 r - 2 potions of brilliance {unknown}
 t - a potion of lignification {unknown}
 w - 2 potions of berserk rage {unknown}
 A - a potion of cancellation {unknown}
 B - a potion of agility
 E - a potion of might {unknown}
Books
 s - a book of Air

   Spells                             Type                      Level
   a - Shock                          Conjuration/Air              1
   b - Swiftness                      Charms/Air                   2
   c - Static Discharge               Conjuration/Air              3
   d - Airstrike                      Air                          4
   e - Lightning Bolt                 Conjuration/Air              5
 H - a book of Cantrips

   Spells                             Type                      Level
   a - Confusing Touch                Hexes                        1
   b - Animate Skeleton               Necromancy                   1
   c - Summon Small Mammal            Summoning                    1
   d - Apportation                    Translocation                1
Miscellaneous
 q - a lightning rod (3/4)
Comestibles
 b - 10 bread rations
 f - 5 royal jellies
 i - 5 meat rations
 C - 4 fruits


   Skills:
 + Level 7.9 Fighting
 + Level 7.8 Dodging
 + Level 9.3 Unarmed Combat


You had 9 spell levels left.
You didn't know any spells.

Dungeon Overview and Level Annotations

Branches:
Dungeon (10/15)            Temple (0/1) D:6
   Lair: D:8-11         Orc: D:9-12

Altars:
Cheibriados
Dithmenos
Elyvilon
Fedhas
Hepliaklqana
Qazlal
Trog
Vehumet
Xom
Yredelemnul
Zin
The Shining One

Shops:
D:4 %(}*[   D:5 !


Innate Abilities, Weirdness & Mutations

You are too large for most types of armour.
You have claws for hands.
Your metabolism is lightning-fast.
You like to eat raw meat.
Your natural rate of healing is unusually fast.
You are covered in fur. (AC +1)
You have very tough skin. (AC +2)
You are surrounded by a mild repulsion field. (EV +2)
You are partially covered in thin metallic scales. (AC +2)
You are very agile. (Dex +4)
Armour fits poorly on your strangely shaped body.
Your flesh is heat resistant. (rF+)
You are somewhat resistant to further mutation.
You are resistant to electric shocks. (rElec)


Message History

The brown ugly thing gores you!
You are splashed with acid!
The acid burns!
You scratch the brown ugly thing.
The brown ugly thing is almost dead.
The brown ugly thing gores you!
* * * LOW HITPOINT WARNING * * *
You are splashed with acid!
The acid burns!
* * * LOW HITPOINT WARNING * * *
You barely miss the brown ugly thing. Your claw misses the brown ugly thing.
The brown ugly thing is almost dead.
The brown ugly thing barely misses you.
Okay, then.
You feel better. The brown ugly thing gores you!
* * * LOW HITPOINT WARNING * * *
You are splashed with acid!
The acid burns!
* * * LOW HITPOINT WARNING * * *
The brown ugly thing gores you!
* * * LOW HITPOINT WARNING * * *
You are splashed with acid!
The acid burns!
You die...
Xom thinks this is hilarious!

#.##............#
#.#.....##.######
#.#.....########
#.......#......#
###.....#......#
#....<>.......####
#.##.##..........# .
#.#u.##.......##.# #
#.#@###.......##.# #
#.#[###.......##.# #
#.............##.###
##...##.#####.##.#..
#..#..#.#####.##.#..
#.###......##.##....
#..#..#.##[##.####..
##...##.#.....####..
######.............


You could see a brown ugly thing.

Vanquished Creatures
  A two-headed ogre (D:7)
  The ghost of Tiamon the Cudgeler, a novice TrMo of Okawaru (D:6)
  Joseph (D:7)
  The ghost of rabbitfr the Covert, a novice OpMo of Cheibriados (D:5)
  A troll (D:8)
  Grinder (D:3)
  A wyvern (D:8)
  A human (D:6)
  2 hungry ghosts
  The ghost of soepske the Skirmisher, an amateur DsAK of Lugonu (D:3)
  A steam dragon (D:5)
  2 sky beasts
  2 phantoms
  2 ogres (D:6)
  A boggart (D:5)
  A centaur (D:8)
  Blork the orc (D:5)
  A big kobold (D:9)
  4 bullfrogs
  A scorpion (D:8)
  3 howler monkeys
  2 crimson imps
  2 jellies
  An orc priest (D:4)
  4 hounds
  A centaur skeleton (D:7)
  Natasha (thrice) (D:2)
  3 iguanas
  7 worker ants
  2 worker ant zombies
  8 adders
  3 shadow imps
  An adder zombie (D:6)
  2 adder skeletons
  2 worms
  A dart slug (D:1)
  4 leopard geckos
  14 orcs
  5 giant cockroaches
  20 goblins
  8 hobgoblins
  4 jackals
  10 kobolds
  2 quokkas
  A ball python (D:3)
  8 bats
  2 frilled lizards (D:2)
  A jackal skeleton (D:5)
  4 rats
155 creatures vanquished.

Vanquished Creatures (collateral kills)
  Robin (D:3)
1 creature vanquished.

Vanquished Creatures (others)
  Ijyb (D:3)
  2 orcs (D:6)
  2 goblins (D:3)
5 creatures vanquished.

Grand Total: 161 creatures vanquished

Notes
Turn   | Place    | Note
-------+----------+-------------------------------------------
     0 | D:1      | Mesmaeker13 the Troll Chaos Knight began the quest for the Orb.
     0 | D:1      | Reached XP level 1. HP: 22/22 MP: 0/0
     1 | D:1      | XOM: divination: detect creatures
   150 | D:1      | Reached XP level 2. HP: 29/29 MP: 1/1
   494 | D:1      | XOM: cast spell 'Olgreb's Toxic Radiance'
   720 | D:2      | XOM is BORED!
   720 | D:2      | XOM: 2-stop teleportation journey
   736 | D:2      | Reached XP level 3. HP: 36/36 MP: 2/2
   761 | D:2      | Noticed Natasha
   768 | D:2      | Killed Natasha
   854 | D:2      | Noticed Natasha
   864 | D:2      | Killed Natasha
   864 | D:2      | Reached XP level 4. HP: 38/45 MP: 3/3
   870 | D:2      | Noticed Natasha
   877 | D:2      | Killed Natasha
  1110 | D:2      | XOM: confuse monster(s)
  1112 | D:2      | Reached skill level 4 in Unarmed Combat
  1539 | D:3      | Noticed Ijyb
  1549 | D:3      | XOM: cast spell 'Death Channel'
  1574 | D:3      | Killed Ijyb
  1574 | D:3      | Reached XP level 5. HP: 50/53 MP: 4/4
  1574 | D:3      | XOM: destruction
  1584 | D:3      | Noticed Robin
  1592 | D:3      | Killed Robin
  1604 | D:3      | XOM: god gift: wand of scattershot (?/9) {god gift}
  1696 | D:3      | XOM: scenery: create altars
  1771 | D:3      | Noticed soepske's ghost (amateur DsAK)
  1787 | D:3      | Killed soepske's ghost
  1787 | D:3      | Reached XP level 6. HP: 41/62 MP: 5/5
  1831 | D:3      | You fall through a shaft for 2 floors!
  1831 | D:5      | Entered Level 5 of the Dungeon
  1831 | D:5      | Found Bif Imma's Distillery.
  1831 | D:5      | Noticed rabbitfr's ghost (novice OpMo)
  1837 | D:5      | Killed rabbitfr's ghost
  1837 | D:5      | Reached skill level 5 in Unarmed Combat
  1837 | D:5      | Reached XP level 7. HP: 59/71 MP: 6/6
  1890 | D:5      | XOM: enchant monster (good)
  1912 | D:5      | Noticed Eustachio
  2200 | D:4      | Found Wocan's Gadget Boutique.
  2217 | D:4      | XOM: polymorph orc wizard -> jelly
  2261 | D:4      | Found Afoafa's Weapon Shoppe.
  2285 | D:4      | Found a hazy altar of Hepliaklqana.
  2309 | D:4      | Reached skill level 5 in Fighting
  2344 | D:4      | Found a blossoming altar of Fedhas.
  2345 | D:4      | Found a shadowy altar of Dithmenos.
  2348 | D:4      | Found a white marble altar of Elyvilon.
  2351 | D:4      | Found a glowing silver altar of Zin.
  2352 | D:4      | Found a stormy altar of Qazlal.
  2352 | D:4      | Found a radiant altar of Vehumet.
  2354 | D:4      | Found a glowing golden altar of the Shining One.
  2355 | D:4      | Found a snail-covered altar of Cheibriados.
  2356 | D:4      | Found a basalt altar of Yredelemnul.
  2384 | D:4      | Found Zidiz's Assorted Antiques.
  2388 | D:4      | Bought a scroll of identify for 40 gold pieces
  2426 | D:4      | Found a shadowy altar of Dithmenos.
  2464 | D:4      | Found Dealucep's Food Emporium.
  2554 | D:4      | Found Opeonugu's Armour Boutique.
  2598 | D:4      | Reached skill level 6 in Unarmed Combat
  2661 | D:4      | XOM: god gift: lightning rod (4/4)
  2717 | D:3      | Noticed Grinder
  2726 | D:3      | Killed Grinder
  2726 | D:3      | Reached XP level 8. HP: 56/81 MP: 7/7
  2892 | D:3      | Reached skill level 5 in Dodging
  2996 | D:5      | Noticed Blork the orc
  3011 | D:5      | Killed Blork the orc
  3115 | D:5      | XOM: blink monster(s)
  3117 | D:5      | XOM: polymorph worker ant -> steam dragon
  3118 | D:5      | XOM: cast spell 'Ring of Flames'
  3120 | D:5      | XOM: give mutations
  3120 | D:5      | Gained mutation: You are resistant to electric shocks. (rElec) [Xom's grace]
  3120 | D:5      | Gained mutation: You are agile. (Dex +2) [Xom's grace]
  3120 | D:5      | Gained mutation: You are somewhat resistant to further mutation. [Xom's grace]
  3309 | D:5      | Noticed Eustachio
  3309 | D:5      | Eustachio changed into Eustachio the boggart
  3309 | D:5      | XOM: polymorph Eustachio -> Eustachio the boggart
  3312 | D:5      | Killed Eustachio the boggart
  3517 | D:6      | Found a staircase to the Ecumenical Temple.
  3519 | D:6      | XOM is BORED!
  3519 | D:6      | XOM: 9-stop teleportation journey
  3536 | D:6      | Noticed Tiamon's ghost (novice TrMo)
  3542 | D:6      | XOM: god gift: 13 gold pieces
  3544 | D:6      | XOM: potion effect (invisibility)
  3545 | D:6      | Reached skill level 7 in Unarmed Combat
  3546 | D:6      | XOM: medium Fire miscast
  3552 | D:6      | XOM: cast spell 'Metabolic Englaciation'
  3563 | D:6      | Killed Tiamon's ghost
  3563 | D:6      | Reached XP level 9. HP: 60/92 MP: 8/8
  3874 | D:6      | XOM: polymorph black bear -> human
  3875 | D:6      | XOM: summons 2 friendly demons
  3932 | D:6      | XOM: give mutations
  3932 | D:6      | Gained mutation: You are surrounded by a mild repulsion field. (EV +2) [Xom's grace]
  3932 | D:6      | Gained mutation: Your flesh is cold resistant. (rC+) [Xom's grace]
  3932 | D:6      | Gained mutation: You are very agile. (Dex +4) [Xom's grace]
  3932 | D:6      | Gained mutation: You are partially covered in thin metallic scales. (AC +2) [Xom's grace]
  3950 | D:6      | XOM: divination: detect creatures
  4037 | D:7      | Noticed Joseph
  4044 | D:7      | XOM: blink monster(s)
  4047 | D:6      | Reached skill level 8 in Unarmed Combat
  4101 | D:7      | Killed Joseph
  4267 | D:7      | XOM: summons 4 hostile demons
  4268 | D:7      | Noticed a red devil
  4544 | D:7      | XOM: harmless Fire miscast
  4598 | D:7      | Noticed a two-headed ogre
  4650 | D:7      | Killed a two-headed ogre
  4745 | D:7      | XOM: give mutations
  4745 | D:7      | Gained mutation: Your flesh is heat resistant. (rF+) [Xom's mischief]
  4745 | D:7      | Gained mutation: Armour fits poorly on your strangely shaped body. [Xom's mischief]
  4745 | D:7      | Lost mutation: Your flesh is cold resistant. (rC+) [Xom's mischief]
  4756 | D:7      | XOM: stat loss: -1 Int (8/9)
  4758 | D:7      | Reached XP level 10. HP: 102/102 MP: 9/9
  4770 | D:7      | Reached skill level 9 in Unarmed Combat
  4864 | D:8      | Found a bloodstained altar of Trog.
  5134 | D:8      | XOM: summons 4 hostile demons
  5258 | D:8      | XOM is BORED!
  5258 | D:8      | XOM: stat loss: -2 Dex (13/15)
  5324 | D:8      | XOM: stat loss: -1 Dex (12/15)
  5416 | D:8      | You fall through a shaft for 2 floors!
  5416 | D:10     | Entered Level 10 of the Dungeon
  5568 | D:9      | Noticed a red ugly thing
  5601 | D:9      | HP: 4/104 [brown ugly thing (12)]
  5601 | D:9      | Splashed by a brown ugly thing's acid

Skill      XL: |  1  2  3  4  5  6  7  8  9 10 |
---------------+-------------------------------+-----
Dodging        | 2 3 4 6 7 |  7.8
Fighting       | 3 4 5 6 7 |  7.9
Unarmed Combat | 4 5 6 7 8 9 |  9.3

Action                   |  1- 3 |  4- 6 |  7- 9 | 10-12 || total
-------------------------+-------+-------+-------+-------++-------
Melee: Unarmed           |    85 |    91 |   288 |   101 ||   565
       Punch             |     1 |     1 |     3 |     3 ||     8
Throw: Throwing net      |       |       |     2 |       ||     2
       Javelin           |       |       |     1 |       ||     1
Evoke: Wand              |       |     4 |     9 |     2 ||    15
       Lightning rod     |       |       |     1 |       ||     1
  Use: Scroll            |     4 |     1 |     4 |       ||     9
       Potion            |       |       |       |     1 ||     1
 Stab: Confused          |       |     1 |       |       ||     1
       Petrified         |       |       |     3 |       ||     3
       Sleeping          |       |       |     1 |     1 ||     2
       Invisible         |       |       |     7 |       ||     7
       Held in net/web   |       |       |     2 |       ||     2
       Distracted        |       |       |     1 |       ||     1
  Eat: Chunk             |     9 |    13 |    27 |    12 ||    61
Armor: Robe              |    43 |    48 |    64 |    22 ||   177
Dodge: Dodged            |    56 |    47 |   153 |    52 ||   308
